 Dungeon Crawl Stone Soup version 0.27-a0-668-gb5737ff2c0 (webtiles) character file.

Game seed: 16503314706351742746

106040 spiderkeys the Impaler (level 15, -3/132 (139) HPs)
             Began as a Minotaur Berserker on Mar 18, 2021.
             Was the Champion of Trog.
             Killed from afar by an orc sorcerer (13 damage)
             ... with a bolt of fire
             ... while paralysed by a chaos spawn
             ... on level 2 of the Orcish Mines.
             The game lasted 00:36:05 (35450 turns).

spiderkeys the Impaler (Minotaur Berserker)        Turns: 35450, Time: 00:36:05

HP:   -3/132 (139)  AC:  2    Str: 33    XL:     15   Next: 96%
MP:   0/23          EV:  2    Int:  4    God:    Trog [******]
Gold: 2469          SH:  0    Dex: 11    Spells: 14/14 levels left

rFire    . . .     SeeInvis +   a - +6 spear (freeze)
rCold    . . .     Faith    .   H - +0 kite shield
rNeg     . . .     Spirit   +   h - +0 plate armour
rPois    .         Reflect  .   u - +1 hat
rElec    .         Harm     .   j - +2 cloak
rCorr    .         Rampage  .   (no gloves)
Will     +....                  B - +0 pair of boots
Stlth    ..........             N - amulet of guardian spirit
HPRegen  0.32/turn              Y - ring "Hodwafo" {MP+9 SInv Stlth+}
MPRegen  0.18/turn              A - +6 ring of strength

@: paralysed, corroded, studying 2 skills, drained
A: horns 2, retaliatory headbutt
a: Renounce Religion, Berserk, Trog's Hand, Brothers in Arms


You were on level 2 of the Orcish Mines.
You worshipped Trog.
Trog was exalted by your worship.
You visited 3 branches of the dungeon, and saw 23 of its levels.
You also visited: Ice Cave.

You collected 2549 gold pieces.
You spent 80 gold pieces at shops.

Inventory:

Hand Weapons
 a - a +6 spear of freezing (weapon)
Missiles
 I - 9 silver boomerangs
 J - 4 silver javelins
Armour
 h - a +0 plate armour (worn)
 j - a +2 cloak (worn)
 u - a +1 hat (worn)
 B - a +0 pair of boots (worn)
 H - a +0 kite shield (worn)
Jewellery
 A - a +6 ring of strength (left hand)
 E - a ring of poison resistance
 N - an amulet of guardian spirit (around neck)
 P - a ring of willpower
 T - a ring of protection from cold
 U - a ring of resist corrosion
 Y - the ring "Hodwafo" (right hand) {MP+9 SInv Stlth+}
   (You found it on level 5 of the Lair of Beasts)

   [ring of magical power]

   It affects your magic capacity (+9).
   It lets you see invisible.
   It makes you more stealthy.
Wands
 m - a wand of random effects (42)
 v - a wand of paralysis (6)
 w - a wand of polymorph (25)
 K - a wand of iceblast (13)
 L - a wand of acid (11)
 M - a wand of digging (4)
 Q - a wand of flame (20)
Scrolls
 b - 2 scrolls of silence
 f - 14 scrolls of teleportation
 k - 5 scrolls of magic mapping
 l - 2 scrolls of immolation
 n - 3 scrolls of blinking
 y - a scroll of fog
 D - 3 scrolls of fear
 F - 2 scrolls of enchant weapon
 G - a scroll of torment {unknown}
 R - 2 scrolls of summoning
 V - a scroll of brand weapon {unknown}
Potions
 c - 8 potions of heal wounds
 e - 3 potions of haste
 g - 7 potions of curing
 i - 6 potions of might {unknown}
 o - a potion of berserk rage
 p - 5 potions of mutation {unknown}
 q - 2 potions of magic {unknown}
 r - 2 potions of ambrosia {unknown}
 s - a potion of cancellation {unknown}
 t - 2 potions of flight
 x - 4 potions of lignification {unknown}
 z - 3 potions of attraction {unknown}
Miscellaneous
 d - a box of beasts
 C - a phantom mirror
 S - a lightning rod (4/4)


   Skills:
 + Level 14.7 Fighting
 * Level 19.7 Polearms
 + Level 14.5 Armour
 - Level 13.0 Dodging
 * Level 12.7 Shields
 - Level 5.0 Evocations


You had 14 spell levels left.
You didn't know any spells.
Your spell library contained the following spells:

 Spells                   Type           Power      Damage    Failure   Level
 Animate Skeleton         Necr           0%         N/A       98%         1
 Apportation              Tloc           0%         N/A       98%         1
 Beastly Appendage        Tmut           0%         N/A       98%         1
 Corona                   Hex            0%         N/A       98%         1
 Foxfire                  Conj/Fire      0%         2x1d4     98%         1
 Magic Dart               Conj           0%         1d3       98%         1
 Summon Small Mammal      Summ           0%         N/A       98%         1
 Blink                    Tloc           N/A        N/A       99%         2
 Call Imp                 Summ           0%         N/A       99%         2
 Corpse Rot               Necr/Air       N/A        N/A       99%         2
 Poisonous Vapours        Pois/Air       0%         N/A       99%         2
 Slow                     Hex            0%         N/A       99%         2
 Sublimation of Blood     Necr           0%         N/A       99%         2
 Wereblood                Tmut           0%         N/A       99%         2
 Call Canine Familiar     Summ           0%         N/A       100%        3
 Conjure Flame            Conj/Fire      0%         6-21      100%        3
 Ignite Poison            Fire/Tmut/Pois 0%         N/A       100%        3
 Inner Flame              Hex/Fire       0%         N/A       100%        3
 Lesser Beckoning         Tloc           0%         N/A       100%        3
 Mephitic Cloud           Conj/Pois/Air  0%         N/A       100%        3
 Spider Form              Tmut/Pois      0%         N/A       100%        3
 Summon Guardian Golem    Hex/Summ       0%         N/A       100%        3
 Teleport Other           Tloc           0%         N/A       100%        3
 Dispel Undead            Necr           0%         3d6       100%        4
 Ice Form                 Ice/Tmut       0%         N/A       100%        4
 Petrify                  Tmut/Erth      0%         N/A       100%        4
 Sticky Flame             Conj/Fire      0%         2d3       100%        4
 Summon Ice Beast         Ice/Summ       0%         N/A       100%        4
 Summon Lightning Spire   Summ/Air       0%         N/A       100%        4
 Agony                    Necr           0%         N/A       100%        5
 Alistair's Intoxication  Tmut/Pois      0%         N/A       100%        5
 Blade Hands              Tmut           0%         N/A       100%        5
 Bolt of Magma            Conj/Fire/Erth 0%         4d4       100%        5
 Excruciating Wounds      Necr           0%         N/A       100%        5
 Fireball                 Conj/Fire      0%         3d3       100%        5
 Irradiate                Conj/Tmut      0%         3d14      100%        5
 Iskenderun's Battlesphe  Conj           0%         2d6       100%        5
 Dispersal                Tloc           0%         N/A       100%        6
 Eringya's Noxious Bog    Tmut/Pois      0%         N/A       100%        6
 Freezing Cloud           Conj/Ice/Air   0%         6-21      100%        6
 Hydra Form               Tmut           0%         N/A       100%        6
 Iron Shot                Conj/Erth      0%         9d1       100%        6
 Statue Form              Tmut/Erth      0%         N/A       100%        6
 Dragon Form              Tmut           0%         N/A       100%        7
 Orb of Destruction       Conj           0%         N/A       100%        7
 Spellforged Servitor     Conj/Summ      0%         N/A       100%        7


Dungeon Overview and Level Annotations

Branches:
Dungeon (15/15)            Temple (0/1) D:7            Lair (6/6) D:8
 Shoals (0/4) Lair:4       Spider (0/4) Lair:4        Slime (0/5) Lair:6
    Orc (2/2) D:12            Elf (0/3) Orc:2        Vaults (0/5) D:13
 Depths (0/5) D:15          IceCv (visited)

Altars:
Ashenzari
Fedhas
Gozag
Kikubaaqudgha
Ru
Vehumet
The Shining One

Shops:
D:3 [   D:4 (   D:12 ?   D:14 *   Orc:2 ![

Annotations:
D:9 2 runed translucent doors


Innate Abilities, Weirdness & Mutations

You have a pair of horns on your head.
You reflexively headbutt those who attack you in melee.


Message History

The orc wizard hits you but does no damage.
The orc sorcerer hits you with a +2 dagger of draining.
The orc sorcerer hits you but does no damage.
The chaos spawn hits you. The chaos spawn shocks you!
* * * LOW HITPOINT WARNING * * *
The rust devil hits you. The rust devil corrodes you!
The orc wizard gestures at itself while chanting.
The orc wizard flickers and vanishes for a moment.
The orc sorcerer hits you with a +2 dagger of draining.
* * * LOW HITPOINT WARNING * * *
The orc sorcerer hits you with a +0 dagger.
* * * LOW HITPOINT WARNING * * *
The chaos spawn hits you.
* * * LOW HITPOINT WARNING * * *
You suddenly lose the ability to move!
The rust devil hits you. The rust devil corrodes you!
The orc wizard hits you but does no damage.
The orc sorcerer hits you but does no damage.
You feel drained. The orc sorcerer casts a spell at you.
The bolt of fire hits you!
* * * LOW HITPOINT WARNING * * *
The chaos spawn gores you but does no damage.
The rust devil hits you. The rust devil corrodes you!
The orc wizard hits you but does no damage.
The orc sorcerer hits you with a +2 dagger of draining.
* * * LOW HITPOINT WARNING * * *
You feel drained.
The orc sorcerer hits you with a +0 dagger.
* * * LOW HITPOINT WARNING * * *
The chaos spawn hits you!
* * * LOW HITPOINT WARNING * * *
You feel your power leaking away. The rust devil hits you.
* * * LOW HITPOINT WARNING * * *
The rust devil corrodes you!
The orc wizard hits you but does no damage.
The orc sorcerer points at you and mumbles some strange words.
The bolt of fire hits you!
You die...

## §§..##......≈≈≈#≈....... #
.....##...)....#≈......# #
§.8...#..≈≈)..8#≈§.)#### #
≈≈....#..§##...#≈.§.§≈≈≈
.≈§...'..≈##.).#≈...))..
..≈8§.'..≈##..∩#≈..8....
§≈≈.§§'o4≈##...#§....))) #
§§....#oo§##...#≈...)≈≈≈ #
§o8...#@o§§...8#§..)#### #
.....##44§§.)..#≈..[...# ##
....##......≈≈≈#≈....§§. .##
≈≈≈##......#####≈..)≈§≈. ..##
####.....))#####≈§.##### ...####
#§§8...).#.§§§≈§..≈≈≈.
......######§§#.....'............
..........##§§#_....#.8.........#
..........# ###8..+....≈≈≈§8###


You could see 2 rust devils, a chaos spawn (summoned), 3 orc sorcerers and an
orc wizard (invisible).

Vanquished Creatures
  Gastronok (D:9)
  A frost giant (IceCv)
  4 fire dragons
  A great orb of eyes (D:13)
  3 boulder beetles
  10 hydras
  A vault guard (D:13)
  A rakshasa (D:9)
  4 centaur warriors
  3 catoblepae
  5 two-headed ogres
  3 ogre magi (Orc:2)
  2 tengu warriors (D:14)
  9 death yaks
  An orc high priest (Orc:2)
  6 skeletal warriors
  4 unseen horrors
  A swamp dragon (Lair:6)
  A glowing orange brain (D:15)
  2 wizards
  3 deep elf pyromancers
  A wolf spider zombie (D:14)
  2 lindwurms (Lair:6)
  A necromancer (Lair:3)
  An orc knight (D:14)
  A wolf spider (Lair:4)
  An oklob plant (Lair:1)
  4 orc sorcerers (Orc:2)
  8 cyclopes
  6 manticores
  8 ugly things
  7 black mambas
  2 centaur zombies
  2 torpor snails
  2 elephants (Lair:6)
  2 gargoyles
  An ice statue (IceCv)
  8 cane toads
  Maggie (D:8)
  3 rime drakes
  An efreet (D:13)
  2 kobold demonologists
  10 komodo dragons
  2 tengu conjurers (D:13)
  6 trolls
  17 polar bears
  A jumping spider (Lair:4)
  A hornet (D:8)
  15 blink frogs
  11 dream sheep
  A snapping turtle (Lair:4)
  59 yaks
  2 redbacks (Lair:4)
  6 wyverns
  2 wraiths
  6 basilisks
  3 steam dragons
  Grum (D:9)
  Edmund (D:4)
  A vampire mosquito (D:9)
  Menkaure (D:4)
  A warg (Orc:2)
  2 acid dragons
  A soldier ant (shapeshifter) (D:13)
  8 water moccasins
  4 swamp drakes (Lair:6)
  2 black bears (D:7)
  18 orc warriors
  3 sky beasts
  12 ice beasts
  16 ogres
  33 wolves
  2 necrophages
  15 centaurs
  A phantom (D:4)
  9 kobold brigands
  Blork the orc (D:4)
  12 bullfrogs
  4 gnoll sergeants
  A wyvern zombie (D:12)
  5 scorpions
  2 wyvern skeletons
  10 killer bees
  18 wights
  7 electric eels
  4 howler monkeys
  7 hounds
  5 jellies
  2 quasits
  14 orc priests
  2 bullfrog zombies
  8 iguanas
  A water moccasin simulacrum (D:9)
  2 bullfrog skeletons (D:6)
  3 centaur skeletons
  7 worker ants
  Natasha (thrice) (D:4)
  39 orc wizards
  4 polar bear simulacra (Lair:3)
  4 yak simulacra (Lair:3)
  2 wolf simulacra (Lair:3)
  A killer bee zombie (D:8)
  2 worker ant zombies
  5 gnolls
  11 adders
  2 white imps
  6 ufetubi
  An ooze (D:4)
  An adder zombie (D:9)
  3 adder skeletons
  2 worms
  A dart slug (D:2)
  2 leopard geckos
  75 orcs
  3 ball pythons
  9 bats
  2 giant cockroaches
  7 goblins
  10 hobgoblins
  11 jackals
  32 kobolds
  5 quokkas
  4 frilled lizards
  A leopard gecko skeleton (D:9)
  A quokka skeleton (D:6)
  5 rats
  A river rat simulacrum (Lair:3)
  4 bushes (Lair:1)
777 creatures vanquished.

Vanquished Creatures (others)
  2 polar bears (IceCv)
  A yak (IceCv)
  3 wolves (IceCv)
  An orc wizard (D:6)
  A bullfrog skeleton (D:13)
  3 orcs
  18 fungi
  59 plants
88 creatures vanquished.

Grand Total: 865 creatures vanquished

Notes
Turn   | Place    | Note
-------+----------+-------------------------------------------
     0 | D:1      | spiderkeys the Minotaur Berserker began the quest for the
                  | Orb.
     0 | D:1      | Reached XP level 1. HP: 19/19 MP: 0/0
   569 | D:1      | Reached XP level 2. HP: 24/27 MP: 1/1
   708 | D:2      | Reached skill level 4 in Polearms
   765 | D:2      | You fall into a shaft and drop 1 floor!
   830 | D:3      | Reached XP level 3. HP: 31/33 MP: 2/2
   943 | D:3      | Reached ** piety under Trog
  1924 | D:3      | Reached XP level 4. HP: 40/40 MP: 3/3
  1971 | D:3      | Found Hougac's Armour Emporium.
  2369 | D:3      | Reached skill level 5 in Polearms
  2630 | D:4      | Reached XP level 5. HP: 47/47 MP: 4/4
  2925 | D:4      | Found Fuotid's Antique Weapon Emporium.
  2959 | D:4      | Noticed a centaur
  2964 | D:4      | Killed a centaur
  3094 | D:4      | Noticed Natasha
  3101 | D:4      | Killed Natasha
  3102 | D:4      | Reached XP level 6. HP: 38/55 MP: 5/5
  3296 | D:4      | Reached skill level 5 in Fighting
  3296 | D:4      | Reached skill level 6 in Polearms
  3340 | D:4      | Noticed Edmund
  3357 | D:4      | Killed Edmund
  3678 | D:4      | Reached XP level 7. HP: 57/61 MP: 6/6
  3692 | D:4      | Reached *** piety under Trog
  3858 | D:4      | Reached skill level 7 in Polearms
  3914 | D:4      | Noticed Blork the orc
  3918 | D:4      | Killed Blork the orc
  4082 | D:4      | Found an opulent altar of Gozag.
  4158 | D:4      | Noticed Menkaure
  4160 | D:4      | Killed Menkaure
  4161 | D:4      | Reached skill level 5 in Armour
  4278 | D:4      | Noticed Natasha
  4286 | D:4      | Killed Natasha
  4590 | D:4      | Noticed Natasha
  4596 | D:4      | Killed Natasha
  4617 | D:5      | Entered Level 5 of the Dungeon
  4855 | D:5      | Identified the +2 whip "Suhites" {freeze, rC+ rN++ Int+2}
  4986 | D:5      | Identified the Papyrus of Lethal Dislocation
  5431 | D:6      | Reached skill level 8 in Polearms
  5431 | D:6      | Reached skill level 5 in Dodging
  5431 | D:6      | Reached XP level 8. HP: 14/70 MP: 7/7
  6230 | D:6      | Found a broken altar of Ashenzari.
  6970 | D:7      | Noticed a green ugly thing
  6983 | D:7      | Killed a green ugly thing
  6984 | D:7      | Reached skill level 9 in Polearms
  7318 | D:7      | Found a staircase to the Ecumenical Temple.
  7414 | D:7      | Reached XP level 9. HP: 79/79 MP: 8/8
  8002 | D:8      | Reached **** piety under Trog
  8180 | D:8      | Reached skill level 10 in Polearms
  8411 | D:8      | Found a staircase to the Lair.
  8411 | D:8      | Noticed a death yak
  8411 | D:8      | Noticed a death yak
  8411 | D:8      | Noticed a death yak
  8423 | D:8      | Killed a death yak
  8439 | D:8      | Killed a death yak
  8440 | D:8      | Reached skill level 11 in Polearms
  8440 | D:8      | Reached XP level 10. HP: 90/90 MP: 9/9
  8448 | D:8      | Killed a death yak
  8480 | D:8      | Paralysed by a hornet for 1 turns
  8826 | D:8      | Reached skill level 12 in Polearms
  9270 | D:8      | Noticed Maggie
  9292 | D:8      | Killed Maggie
  9698 | D:8      | Identified a scroll of acquirement
  9699 | D:8      | Acquired a manual of Dodging
  9740 | D:9      | Noticed Gastronok
  9754 | D:9      | Killed Gastronok
 10191 | D:9      | Reached XP level 11. HP: 97/99 MP: 10/10
 10240 | D:9      | Found a large runed translucent door.
 10242 | D:9      | Found a large runed translucent door.
 10260 | D:9      | Reached skill level 13 in Polearms
 10267 | D:9      | Noticed a two-headed ogre
 10274 | D:9      | Killed a two-headed ogre
 10275 | D:9      | Reached skill level 10 in Fighting
 10278 | D:9      | Noticed a rakshasa
 10296 | D:9      | Killed a rakshasa
 10704 | D:9      | Noticed Grum
 10717 | D:9      | Killed Grum
 10722 | D:9      | Reached ***** piety under Trog
 10777 | D:9      | Noticed a two-headed ogre
 10783 | D:9      | Killed a two-headed ogre
 10784 | D:9      | Reached skill level 10 in Armour
 10784 | D:9      | Reached skill level 10 in Dodging
 11386 | D:9      | Found a large runed translucent door.
 11386 | D:9      | Found a large runed translucent door.
 11423 | D:9      | Identified the +2 robe of the Ward {*Drain rPois rF+ Dex+6}
 11565 | D:9      | Noticed a two-headed ogre
 11696 | D:9      | Noticed a five-headed hydra
 11706 | D:9      | Killed a five-headed hydra
 11707 | D:9      | Reached skill level 14 in Polearms
 11805 | D:9      | Killed a two-headed ogre
 12401 | D:9      | Identified the +6 dagger "Tulicue" {freeze, rF- rC+ rN++
                  | Will+}
 12454 | D:10     | Entered Level 10 of the Dungeon
 13033 | D:10     | Received a gift from Trog
 13034 | D:10     | Reached XP level 12. HP: 96/107 MP: 11/11
 13975 | D:11     | Reached skill level 1 in Evocations
 13999 | D:11     | Noticed an eight-headed hydra
 14007 | D:11     | Killed an eight-headed hydra
 14080 | D:11     | Noticed an eight-headed hydra
 14086 | D:11     | Killed an eight-headed hydra
 14087 | D:11     | Reached skill level 15 in Polearms
 14692 | D:12     | Found Udenyuzi's Magic Scroll Shop.
 15118 | D:12     | Noticed a two-headed ogre
 15125 | D:12     | Killed a two-headed ogre
 15625 | D:12     | Found a staircase to the Orcish Mines.
 16106 | D:13     | Reached ****** piety under Trog
 16274 | D:13     | Reached XP level 13. HP: 118/118 MP: 12/12
 16327 | D:13     | Received a gift from Trog
 16596 | D:13     | Reached skill level 16 in Polearms
 16844 | D:13     | Reached skill level 1 in Shields
 17911 | D:13     | Found a gate to the Vaults.
 18281 | D:14     | Found a glowing golden altar of the Shining One.
 18898 | D:14     | Reached skill level 5 in Shields
 19593 | D:14     | Found Wuppayc's Assorted Antiques.
 20105 | D:14     | Reached skill level 5 in Evocations
 20270 | D:15     | Entered Level 15 of the Dungeon
 20536 | D:14     | Reached skill level 17 in Polearms
 20979 | D:14     | Reached XP level 14. HP: 84/127 MP: 13/13
 22565 | D:15     | Received a gift from Trog
 23425 | D:15     | Found a staircase to the Depths.
 23936 | Lair:1   | Entered Level 1 of the Lair of Beasts
 24218 | Lair:1   | Found a blossoming altar of Fedhas.
 25718 | Lair:2   | Found a frozen archway.
 25770 | IceCv    | Entered an ice cave
 26790 | IceCv    | Identified the +3 shortbow of Accidental Termination
                  | {venom, *Slow rElec Dex+4}
 26847 | IceCv    | Received a gift from Trog
 26978 | IceCv    | Reached skill level 18 in Polearms
 27161 | IceCv    | Noticed a frost giant
 27192 | IceCv    | Killed a frost giant
 28175 | Lair:2   | Reached skill level 10 in Shields
 29204 | Lair:3   | Identified the +11 flail of Innocence {flame, rElec Dex-3
                  | Stlth+} (Trog gifted it to you on level 3 of the Lair of
                  | Beasts)
 29204 | Lair:3   | Received a gift from Trog
 29213 | Lair:3   | Reached XP level 15. HP: 137/137 MP: 14/14
 29664 | Lair:4   | Found a staircase to the Shoals.
 29774 | Lair:4   | Found a sacrificial altar of Ru.
 30066 | Lair:4   | Found a hole to the Spider Nest.
 31361 | Lair:5   | Identified the ring "Hodwafo" {MP+9 SInv Stlth+}
 31625 | Lair:6   | Entered Level 6 of the Lair of Beasts
 32662 | Lair:6   | Found a staircase to the Slime Pits.
 32799 | Lair:6   | Reached skill level 19 in Polearms
 33315 | Lair:6   | Received a gift from Trog
 34004 | Lair:6   | Acquired a manual of Polearms
 34262 | Orc:1    | Entered Level 1 of the Orcish Mines
 34444 | Orc:2    | Entered Level 2 of the Orcish Mines
 34898 | Orc:2    | Found a staircase to the Elven Halls.
 34973 | Orc:2    | Received a gift from Trog
 35099 | Orc:2    | Paralysed by an ogre mage for 4 turns
 35128 | Orc:2    | Found Meri's Antique Armour Boutique.
 35235 | Orc:2    | Found an ancient bone altar of Kikubaaqudgha.
 35258 | Orc:2    | Found Xiskakud's Distillery.
 35386 | Orc:2    | Bought a potion of heal wounds for 80 gold pieces
 35388 | Orc:2    | Found a radiant altar of Vehumet.
 35431 | Orc:2    | Paralysed by an orc sorcerer for 7 turns
 35447 | Orc:2    | Paralysed by a chaos spawn for 6 turns
 35450 | Orc:2    | Killed from afar by an orc sorcerer

Illustrated notes

Levels and vault maps discovered:
D:1:      saegor_arrival_simple_e, layout_rooms, minmay_misc_feat_enclosed
D:2:      layout_loops_ring
D:3:      layout_basic, serial_shops, shop_statue
D:4:      layout_loops_ring, lemuel_coloured_pillars_altar, serial_shops, shop,
          dk_rats_in_the_wall, uniq_blork_the_orc, uniq_edmund, uniq_menkaure,
          uniq_natasha
D:5:      layout_loops_ring
D:6:      layout_basic, basic_altar, lemuel_old_faithful
D:7:      layout_gridville, minmay_temple_entry_waves
D:8:      minmay_spotlight, layout_loops_corners, dpeg_lair_monsters,
          uniq_maggie
D:9:      kennysheep_windowed_halls, layout_loops_ring,
          minmay_hollow_rounded_squares, uniq_grum, uniq_gastronok
D:10:     layout_roguey, minmay_misc_feat_tiny
D:11:     layout_irregular_city, hangedman_decor_lopped
D:12:     layout_basic, kennysheep_orc_monster_closet_entryway, serial_shops,
          shop_statue
D:13:     layout_loops_ring, david_vaults_5
D:14:     layout_roguey, serial_shops, nicolae_shop_overgrown_old_shop,
          chequers_serial_rivers_micro_d, tso_metal_star
D:15:     grunt_enter_depths_hoard, layout_basic, minmay_misc_feat_rows
Lair:1:   layout_hall_layers, fungi_pond_lemuel, minivault_27, tgw_fedhas
Lair:2:   layout_misc_corridors, portal_ice_cave_entry_ice_beasts, minivault_11,
          lemuel_fruit_fields, grunt_megastairs_3
Lair:3:   layout_roguey, eino_house_with_fridge, grunt_megastairs_1
Lair:4:   layout_regular_city, minmay_shoals_entry_hut,
          spider_nest_entry_funnel_web, basic_altar
Lair:5:   dragon1_lemuel, layout_misc_corridors,
          eino_small_chamber_without_monster, cheibrodos_lair_caveside_slide,
          serial_bayou_pond_c, serial_bayou_shore_a
Lair:6:   hangedman_lair_in_review, layout_regular_city,
          guppyfry_lair_end_dragon, slime_dummy, infiniplex_staircase_pool,
          serial_bayou_shore_b
Orc:1:    layout_diamond_mine, uniq_harold, uniq_erica, uniq_snorg
Orc:2:    kennysheep_orc_mage_school, layout_caves, rock_pile

Skill      XL: |  1  2  3  4  5  6  7  8  9 10 11 12 13 14 15 |
---------------+----------------------------------------------+-----
Polearms       | 4 5 6 8 9 11 12 14 15 17 18 19 | 19.7
Fighting       | 4 5 6 7 8 9 11 12 13 14 | 14.7
Armour         | 3 4 5 6 8 9 10 11 12 13 14 | 14.5
Dodging        | 3 4 5 6 7 9 11 12 13 | 13.0
Evocations     | 3 5 |  5.0
Shields        | 6 10 12 | 12.7

Action                   |  1- 3 |  4- 6 |  7- 9 | 10-12 | 13-15 || total
-------------------------+-------+-------+-------+-------+-------++-------
Melee: Spear             |   128 |    88 |   165 |   801 |  1820 ||  3002
       Headbutt          |    17 |    19 |    30 |   165 |   501 ||   732
       Trident           |       |    42 |    85 |       |       ||   127
Invok: Berserk           |       |     2 |     5 |     5 |    13 ||    25
       Trog's Hand       |       |       |     1 |     1 |     2 ||     4
  Use: Scroll            |       |       |     6 |    12 |     6 ||    24
       Potion            |       |       |       |       |     2 ||     2
 Stab: Distracted        |       |       |       |     1 |       ||     1
Armor: Animal skin       |     1 |       |       |       |       ||     1
       Scale mail        |    24 |    23 |    21 |       |       ||    68
       Chain mail        |       |       |    30 |     6 |       ||    36
       Plate armour      |       |       |       |   184 |   575 ||   759
Dodge: Dodged            |    52 |    33 |    68 |   182 |   419 ||   754
Block: Kite shield       |       |       |       |    52 |   627 ||   679

Table legend: (Time is in decaauts)
 A = Elapsed time spent in this place.
 B = Non-inter-level travel time spent in this place.
 C = Inter-level travel time spent in this place.
 D = Time resting spent in this place.
 E = Time spent auto-exploring this place.
 F = Levels seen in this place.
 G = Mean time per level.
                   A        B        C        D        E       F      G
               +--------+--------+--------+--------+--------+-----+--------+
         Total |  34655 |  33093 |   1562 |   9047 |  19974 |  24 | 1444.0 |
       Dungeon |  23700 |  22476 |   1224 |   6549 |  13367 |  15 | 1580.0 |
          Lair |   7941 |   7603 |    338 |   1200 |   5408 |   6 | 1323.5 |
  Orcish Mines |   1106 |   1106 |      0 |    104 |    740 |   2 |  553.0 |
      Ice Cave |   1908 |   1908 |      0 |   1193 |    458 |   1 | 1908.0 |
               +--------+--------+--------+--------+--------+-----+--------+

Top non-repeatable levels by time:
    D:14: 3591 daAuts
     D:9: 2658 daAuts
  Lair:6: 2310 daAuts
    D:13: 2099 daAuts
     D:4: 2015 daAuts
    D:15: 1997 daAuts
   IceCv: 1908 daAuts
     D:8: 1788 daAuts
  Lair:1: 1702 daAuts
    D:12: 1565 daAuts
     D:6: 1506 daAuts
  Lair:4: 1178 daAuts
     D:7: 1100 daAuts
     D:2: 1040 daAuts
    D:10: 1038 daAuts
